 Dungeon Crawl Stone Soup version 0.19-a0-867-g949743d (webtiles) character file.

233 4thArraOfDagon the Ruffian (level 5, -3/45 HPs)
             Began as a Troll Earth Elementalist on July 3, 2016.
             Slain by a centaur (5 damage)
             ... on level 5 of the Dungeon.
             The game lasted 00:02:59 (465 turns).

4thArraOfDagon the Ruffian (TrEE)                    Turns: 465, Time: 00:03:00

Health: -3/45      AC:  5    Str: 16    XL:     5   Next: 75%
Magic:  5/5        EV: 10    Int: 12    God:
Gold:   51         SH:  0    Dex: 10    Spells: 1 memorised, 5 levels left

rFire  . . .     SeeInvis .       - Unarmed
rCold  . . .     Gourm    +     c - +0 robe
rNeg   . . .     Faith    .     (no shield)
rPois  .         Spirit   .     (helmet restricted)
rElec  .         Dismiss  .     (no cloak)
rCorr  .         Reflect  .     (gloves unavailable)
SustAt .         Harm     .     (boots unavailable)
MR     .....                    (no amulet)
Stlth  +.........               (no ring)
                                (no ring)

@: not resistant to hostile enchantments, very unstealthy
A: unfitting armour, claws 3, fast metabolism 3, gourmand, regeneration 2,
shaggy fur 1, tough skin 2
a: no special abilities


You were on level 5 of the Dungeon.
You were very full.

You visited 1 branch of the dungeon, and saw 5 of its levels.

You collected 51 gold pieces.

Inventory:

Armour
 c - a +0 robe (worn)
Scrolls
 a - 2 scrolls of remove curse {unknown}
Potions
 f - a potion of ambrosia
Books
 e - a book of Geomancy

   Spells                             Type                      Level
   a - Sandblast                      Earth                        1
   b - Passwall                       Transmutation/Earth          2
   c - Stone Arrow                    Conjuration/Earth            3
   d - Petrify                        Transmutation/Earth          4
   e - Lee's Rapid Deconstruction     Earth                        5
Comestibles
 d - 3 bread rations


   Skills:
 - Level 1.5 Dodging
 - Level 1.1 Stealth
 + Level 5.6 Unarmed Combat
 - Level 1.2 Spellcasting
   Level 0.6 Transmutations
 - Level 2.6 Earth Magic


You had 5 spell levels left.
You knew the following spells:

 Your Spells              Type           Power        Failure   Level  Hunger
a - Sandblast             Erth           #.....       12%         1    ##.....


Dungeon Overview and Level Annotations

Branches:
Dungeon (5/15)
 Temple: D:4-7

Altars:
Dithmenos

Annotations:
D:4 sergedm's ghost, amateur DECj


Innate Abilities, Weirdness & Mutations

You are too large for most types of armour.
You have claws for hands.
Your metabolism is lightning-fast.
You like to eat raw meat.
You heal very quickly.
You are covered in fur. (AC +1)
You have very tough skin. (AC +2)


Message History

The centaur hits you.
* * * LOW HITPOINT WARNING * * *
The centaur hits you.
* * * LOW HITPOINT WARNING * * *
You barely miss the centaur.
The centaur is heavily wounded.
The centaur hits you.
* * * LOW HITPOINT WARNING * * *
Unknown command.
You barely miss the centaur.
The centaur is heavily wounded.
The centaur hits you!
* * * LOW HITPOINT WARNING * * *
Unknown command.
Unknown command.
Unknown command.
You barely miss the centaur.
The centaur is heavily wounded.
The centaur barely misses you. The centaur hits you.
You die...

#.......# #.......
#......# c.....#
##### ..... #...#
... #.#.# #Z# #.#.#
#c#### #.#.## #@##..
#.#..# #(##.# ######
#.#..# #.##.# #.....
#.#..###.##.# #.....
#.#.........#
#.....##...........#
#................#.#
#......####.##.###.#
#..................#


You could see a centaur and a killer bee zombie.

Vanquished Creatures
  A crimson imp (D:5)
  Ijyb (D:3)
  2 adders (D:3)
  An ooze (D:4)
  A goblin (D:1)
  5 hobgoblins
  2 jackals (D:4)
  A kobold (D:1)
  A ball python (D:3)
  2 bats (D:3)
  A giant newt (D:2)
  2 rats (D:1)
20 creatures vanquished.

Vanquished Creatures (others)
  Sigmund (D:5)
1 creature vanquished.

Grand Total: 21 creatures vanquished

Notes
Turn   | Place    | Note
-------+----------+-------------------------------------------
     0 | D:1      | 4thArraOfDagon the Troll Earth Elementalist began the quest for the Orb.
     0 | D:1      | Reached XP level 1. HP: 16/16 MP: 1/1
    23 | D:1      | Reached skill level 1 in Unarmed Combat
   102 | D:1      | Reached XP level 2. HP: 20/24 MP: 2/2
   193 | D:2      | You fall through a shaft!
   214 | D:3      | Reached skill level 2 in Unarmed Combat
   230 | D:3      | Reached XP level 3. HP: 18/31 MP: 3/3
   242 | D:3      | Noticed Ijyb
   246 | D:3      | Found a shadowy altar of Dithmenos.
   262 | D:3      | Killed Ijyb
   262 | D:3      | Reached skill level 3 in Unarmed Combat
   310 | D:4      | Noticed sergedm's ghost (amateur DECj)
   339 | D:5      | Entered Level 5 of the Dungeon
   366 | D:5      | Reached skill level 4 in Unarmed Combat
   366 | D:5      | Reached XP level 4. HP: 39/39 MP: 4/4
   443 | D:5      | Noticed Sigmund
   443 | D:5      | Noticed a centaur
   460 | D:5      | Killed Sigmund
   460 | D:5      | Reached skill level 5 in Unarmed Combat
   460 | D:5      | Reached XP level 5. HP: 26/45 MP: 5/5
   464 | D:5      | HP: 1/45 [centaur (8)]
   465 | D:5      | Slain by a centaur

Vault maps used:
D:1:      sevenhm_arrival_forest_fort_large_4, minmay_misc_feat_square,
          hangedman_decor_push
D:2:      nrook_uturn, uniq_natasha, uniq_robin
D:3:      grunt_dithmenos_smoke, uniq_iyjb
D:4:      uniq_edmund, uniq_eustachio
D:5:      first_bread, uniq_sigmund

Skill      XL: |  1  2  3  4 |
---------------+-------------+-----
Unarmed Combat | 1 2 4 5 |  5.6
Dodging        | |  1.5
Stealth        | |  1.1
Spellcasting   | |  1.2
Transmutations | |  0.6
Earth Magic    | |  2.6

Action                   |  1- 3 |  4- 6 || total
-------------------------+-------+-------++-------
Melee: Unarmed           |    89 |    11 ||   100
  Use: Potion            |     1 |     3 ||     4
 Stab: Sleeping          |     1 |       ||     1
  Eat: Chunk             |     8 |       ||     8
Armor: Robe              |    26 |     1 ||    27
Dodge: Dodged            |    64 |     4 ||    68
